 Dungeon Crawl Stone Soup version 0.32-a0-411-g744942f433 (webtiles) character file.

Game seed: 1719497387614820836

5143 Xavori the Ducker (level 10, -15/73 HPs)
             Began as a Djinni Chaos Knight on Feb 20, 2024.
             Was a Plaything of Xom.
             Demolished by a boulder beetle (47 damage)
             ... on level 10 of the Dungeon.
             The game lasted 00:14:17 (16450 turns).

Xavori the Ducker (Djinni Chaos Knight)            Turns: 16450, Time: 00:14:18

Health: -15/73     AC:  6    Str: 14    XL:     10   Next: 89%
Gold:   1480       EV: 15    Int: 23    God:    Xom [..*...] SH:  0 Dex: 15

rFire   + + .        F - +2 scimitar
rCold   x x .        (no shield)
rNeg    . . .        b - +2 leather armour
rPois   ∞            (helmet restricted)
rElec   .            (no cloak)
rCorr   .            j - +0 pair of gloves
SInv    .            (boots unavailable)
Will    +....        v - amulet of regeneration
Stlth   +            n - +6 ring of intelligence
HPRegen 1.12/turn    (no ring)
MPRegen 0.00/turn

%: random rage (3%), infuse magic (-16 HP)
@: flying
A: sickness immunity, fire resistance 2, cold vulnerability 2, float, innate
caster, HP casting, extra vitality 1, horns 1, berserk 1, clever 1, deformed
body, shaggy fur 1, strong 1
a: Renounce Religion


You were on level 10 of the Dungeon.
You worshipped Xom.
You were a toy of Xom.
You visited 1 branch of the dungeon, and saw 10 of its levels.
You also visited: Sewer.

You collected 1552 gold pieces.
You spent 72 gold pieces at shops.

Inventory:

Hand Weapons
 a - a +0 falchion of chaos
 D - a +4 falchion
 F - a +2 scimitar (weapon)
Missiles
 w - 2 throwing nets (quivered)
Armour
 b - a +2 leather armour (worn)
 j - a +0 pair of gloves (worn)
Jewellery
 n - a +6 ring of intelligence (left hand)
 v - an amulet of regeneration (around neck)
Talismans
 s - a talisman of death
Wands
 x - a wand of iceblast (7)
Scrolls
 c - a scroll of butterflies
 e - 4 scrolls of immolation
 f - 2 scrolls of teleportation
 l - a scroll of brand weapon
 m - 2 scrolls of vulnerability
 q - a scroll of enchant armour {unknown}
 r - a scroll of poison
 y - a scroll of fear
 E - a scroll of revelation {unknown}
 H - a scroll of noise {unknown}
Potions
 d - 4 potions of curing
 g - a potion of ambrosia {unknown}
 h - a potion of magic
 i - a potion of berserk rage {unknown}
 k - 2 potions of enlightenment {unknown}
 o - a potion of haste
 p - 2 potions of might
 t - 3 potions of lignification
 u - a potion of attraction {unknown}
 z - 3 potions of invisibility {unknown}
 A - a potion of heal wounds {unknown}
 B - a potion of brilliance {unknown}
 C - a potion of degeneration {unknown}


   Skills:
 + Level 6.9 Fighting
 + Level 6.2 Long Blades
 + Level 6.1 Armour
 + Level 7.1 Dodging
 * Level 7.0 Spellcasting
 * Level 7.0 Conjurations
 * Level 7.0 Hexes
   Level 0.0 Charms
 * Level 7.0 Summonings
 * Level 7.0 Necromancy
 * Level 7.0 Translocations
   Level 0.0 Transmutations
 * Level 7.0 Fire Magic
 * Level 7.0 Ice Magic
 * Level 7.0 Air Magic
 * Level 7.0 Earth Magic
 * Level 7.0 Alchemy


You knew the following spells:

 Your Spells              Type           Power      Damage    Failure   Level
a - Necrotise             Necr           100%       1d9       1%          1
b - Static Discharge      Conj/Air       80%        3-7/arc   1%          2
c - Mercury Vapours       Alch/Air       80%        N/A       1%          2
d - Frozen Ramparts       Ice            80%        1d13      1%          3
Your spell library was empty.

Dungeon Overview and Level Annotations

Branches:
Dungeon (10/15)            Temple (0/1) D:7           Sewer (visited)
   Lair: D:8-11         Orc: D:9-12

Altars:
Ashenzari
Makhleb
Ru
Uskayaw
Wu Jian
Xom
Yredelemnul
Zin

Shops:
D:7 *


Innate Abilities, Weirdness & Mutations

You are immune to sickness and miasma.
You are immune to poison.
Your flesh is very heat resistant. (rF++)
You are very vulnerable to cold. (rC--)
You float through the air rather than walking.
You learn spells naturally, not from books.
Your magical power is your life essence.
You have superior vitality. (+4 MHP)
You have a pair of small horns on your head.
You sometimes lose your temper in combat.
Your mind is acute. (Int +4, Str/Dex -1)
Armour fits poorly on your strangely shaped body.
You are covered in fur. (AC +1)
Your muscles are strong. (Str +4, Int/Dex -1)


Message History

You see here an acid dragon corpse.
You see here a +0 chain mail.
Found three stone staircases leading down.
Done exploring.
Done exploring.
Done exploring.
Done exploring.
Okay, then.
What level of the Dungeon? (default 9, ? - help)
There is a stone staircase leading down here.
You fly downwards.
Found a spear.
There is a stone staircase leading up here.
You are now a toy of Xom.
A boulder beetle comes into view.
A boulder beetle is nearby!
A boulder beetle is nearby!
An elephant comes into view.
The elephant trumpets!
Something stings the fungus.
The fungus begins to die.
The boulder beetle curls into a ball and begins rolling!
Casting: Frozen Ramparts (safe; 1% risk of failure)
Confirm with . or Enter, or press ? or * to list all spells.
Aiming: Mercury Vapours (safe; 1% risk of failure)
Press: ? - help, Dir - move target
Okay, then.
Casting: Mercury Vapours (safe; 1% risk of failure)
Confirm with . or Enter, or press ? or * to list all spells.
Aiming: Mercury Vapours (safe; 1% risk of failure)
Press: ? - help, Dir - move target, f - boulder beetle
Aim: a boulder beetle (rolling, chance to weaken: 23%) Fumes of mercury billow around the boulder beetle!
The boulder beetle is poisoned.
The boulder beetle hits you!!!
Ouch! That really hurt!
The boulder beetle stops rolling and uncurls.
The boulder beetle curls into a ball and begins rolling!
The boulder beetle hits you!!!
Ouch! That really hurt!
You die...
Xom thinks this is hilarious!

.## #.# .# ..P##
#.##.### .P.PP#####
#.#.... P....P ..#
#.#..# .
...P..##.####.#..##.#
PYP.P..#.#..........#
#.....#.Y°○.......).
#..P....###B........
+...?.#.# ##@#######
#..P.○..# #.#
..PP°...## #.#
..PP°.#. #+# .P..PP#.
PP...##. .P..#


You could see a boulder beetle (rolling, very poisoned).

Vanquished Creatures
  A rime drake (D:8)
  A shadow (D:9)
  A wyvern (D:8)
  3 vampire mosquitoes (D:9)
  An acid dragon (D:9)
  A water moccasin (D:6)
  2 sky beasts (D:7)
  Pargi (Sewer)
  3 orc warriors
  2 ogres
  2 centaurs (D:7)
  2 phantoms (D:5)
  A brain worm (Sewer)
  3 bullfrogs
  A gnoll sergeant (D:8)
  4 scorpions
  10 wights
  A killer bee (D:6)
  4 electric eels (D:9)
  A howler monkey (D:4)
  A gnoll bouda (D:3)
  2 hounds
  4 bombardier beetles
  11 orc priests
  A jelly (D:6)
  2 iguanas
  11 orc wizards
  11 adders
  17 gnolls
  A shadow imp (D:6)
  2 white imps (D:6)
  6 dart slugs
  2 ribbon worms
  33 orcs
  9 ball pythons
  7 endoplasms
  3 giant cockroaches
  13 goblins
  8 hobgoblins
  7 jackals
  3 kobolds
  6 quokkas
  A bat (shapeshifter) (D:3)
  15 bats
  4 frilled lizards
  7 rats
232 creatures vanquished.

Vanquished Creatures (collateral kills)
  An orc priest (D:4)
  An orc wizard (D:5)
  An iguana (D:4)
3 creatures vanquished.

Vanquished Creatures (others)
  A wyvern (D:7)
  A ballistomycete (D:7)
  4 orc wizards
  An orc zombie (D:8)
7 creatures vanquished.

Grand Total: 242 creatures vanquished

Notes
Turn   | Place    | Note
-------+----------+-------------------------------------------
     0 | D:1      | Xavori the Djinni Chaos Knight began the quest for the Orb.
     0 | D:1      | Reached XP level 1. HP: 20/20 MP: 0/0
   110 | D:1      | Reached XP level 2. HP: 24/25 MP: 0/0
   192 | D:1      | XOM: divination: magic mapping
   200 | D:1      | Reached XP level 3. HP: 30/30 MP: 0/0
   200 | D:1      | Learned a level 1 spell: Necrotise
   203 | D:1      | Reached skill level 1 in Spellcasting
   203 | D:1      | Reached skill level 1 in Conjurations
   203 | D:1      | Reached skill level 1 in Hexes
   203 | D:1      | Reached skill level 1 in Summonings
   203 | D:1      | Reached skill level 1 in Necromancy
   203 | D:1      | Reached skill level 1 in Translocations
   203 | D:1      | Reached skill level 1 in Fire Magic
   203 | D:1      | Reached skill level 1 in Ice Magic
   203 | D:1      | Reached skill level 1 in Air Magic
   203 | D:1      | Reached skill level 1 in Earth Magic
   203 | D:1      | Reached skill level 1 in Alchemy
   347 | D:1      | Reached XP level 4. HP: 35/35 MP: 0/0
  1002 | D:1      | XOM: silly message
  1016 | D:1      | XOM: divination: magic mapping
  1273 | D:1      | XOM is BORED!
  1273 | D:1      | XOM: noise
  1628 | D:1      | XOM is BORED!
  1804 | D:1      | XOM: draining
  2266 | D:1      | XOM: give mutation
  2266 | D:1      | Gained mutation: You are very vulnerable to cold. (rC--)
                  | [Xom's mischief]
  2364 | D:1      | XOM: summons 3 hostile demons
  2365 | D:1      | Noticed a neqoxec
  2425 | D:2      | XOM: give mutations
  2425 | D:2      | Gained mutation: You are clumsy. (Dex -2) [Xom's mischief]
  2425 | D:2      | Gained mutation: You sometimes lose your temper in combat.
                  | [Xom's mischief]
  2646 | D:1      | XOM: torment (16/30 hp)
  2863 | D:1      | XOM: noise
  3104 | D:1      | XOM: noise
  3400 | D:1      | XOM: stat loss: -1 Dex (12/13)
  3734 | D:1      | XOM: cloud trail
  4283 | D:1      | XOM: silly message
  5502 | D:1      | XOM: silly message
  7333 | D:1      | XOM: cloud trail
  7511 | D:1      | XOM is BORED!
  7511 | D:1      | XOM: give mutations
  7511 | D:1      | Gained mutation: You occasionally shout uncontrollably at
                  | your foes. [Xom's mischief]
  7511 | D:1      | Gained mutation: You are strong-willed. (Will+) [Xom's
                  | mischief]
  7511 | D:1      | Lost mutation: You occasionally shout uncontrollably at
                  | your foes. [Xom's mischief]
  7511 | D:1      | Lost mutation: You are strong-willed. (Will+) [Xom's
                  | mischief]
  7864 | D:1      | XOM: give mutations
  7864 | D:1      | Gained mutation: Your muscles are strong. (Str +4, Int/Dex
                  | -1) [Xom's grace]
  7864 | D:1      | Gained mutation: You have a pair of small horns on your
                  | head. [Xom's grace]
  7864 | D:1      | Gained mutation: Your muscles are very strong. (Str +8,
                  | Int/Dex -2) [Xom's grace]
  7864 | D:1      | Gained mutation: You passively dampen the noise of your
                  | surroundings. [Xom's grace]
  8207 | D:1      | XOM: give mutations
  8207 | D:1      | Lost mutation: You are clumsy. (Dex -2) [Xom's grace]
  8207 | D:1      | Gained mutation: Your mind is acute. (Int +4, Str/Dex -1)
                  | [Xom's grace]
  8207 | D:1      | Gained mutation: You are covered in fur. (AC +1) [Xom's
                  | grace]
  8207 | D:1      | Gained mutation: Your spells are a little harder to cast,
                  | but a little more powerful. [Xom's grace]
  9385 | D:1      | XOM: god gift: 47 gold pieces
 10075 | D:1      | XOM is BORED!
 10075 | D:1      | XOM: give mutation
 10075 | D:1      | Gained mutation: Your natural rate of healing is unusually
                  | fast. [Xom's mischief]
 10111 | D:2      | Found a faded altar of an unknown god.
 10261 | D:2      | XOM: divination: detect creatures
 10276 | D:2      | Reached XP level 5. HP: 39/40 MP: 0/0
 10276 | D:2      | Learned a level 2 spell: Static Discharge
 10488 | D:2      | XOM: divination: detect items
 10754 | D:2      | Reached XP level 6. HP: 46/46 MP: 0/0
 10943 | D:3      | a hobgoblin changed into a shapeshifter
 10943 | D:3      | Noticed a shapeshifter (shapeshifter)
 10943 | D:3      | XOM: polymorph hobgoblin -> shapeshifter
 10943 | D:3      | a shapeshifter changed into a jackal
 10961 | D:3      | XOM: smoke on damage
 10984 | D:3      | Found a glowing drain.
 11036 | Sewer    | Entered a sewer
 11063 | Sewer    | XOM: polymorph bat -> hobgoblin
 11081 | Sewer    | Noticed Pargi
 11092 | Sewer    | XOM: divination: detect creatures
 11097 | Sewer    | Killed Pargi
 11098 | Sewer    | Reached XP level 7. HP: 52/52 MP: 0/0
 11098 | Sewer    | Learned a level 2 spell: Mercury Vapours
 11191 | D:3      | XOM: summons 1 hostile shadow creature
 11250 | D:3      | XOM: give mutations
 11250 | D:3      | Lost mutation: Your muscles are very strong. (Str +8,
                  | Int/Dex -2) [Xom's mischief]
 11250 | D:3      | Lost mutation: You sometimes lose your temper in combat.
                  | [Xom's mischief]
 11250 | D:3      | Lost mutation: You passively dampen the noise of your
                  | surroundings. [Xom's mischief]
 11250 | D:3      | Lost mutation: Your natural rate of healing is unusually
                  | fast. [Xom's mischief]
 11381 | D:3      | XOM: 1-stop teleportation journey
 11575 | D:3      | XOM: enchant monster (good)
 11843 | D:3      | XOM: noise
 11925 | D:4      | XOM: chaos cloud
 11942 | D:4      | XOM: smoke on damage
 12009 | D:4      | XOM: give mutations
 12009 | D:4      | Lost mutation: Your spells are a little harder to cast, but
                  | a little more powerful. [Xom's mischief]
 12009 | D:4      | Gained mutation: Your muscles are very strong. (Str +8,
                  | Int/Dex -2) [Xom's mischief]
 12022 | D:4      | XOM: summons friendly shadow imp
 12027 | D:4      | Reached XP level 8. HP: 46/58 MP: 0/0
 12495 | D:5      | Entered Level 5 of the Dungeon
 12528 | D:5      | XOM: enchant monster (good)
 12797 | D:5      | Found a burning altar of Makhleb.
 12798 | D:5      | Found a basalt altar of Yredelemnul.
 12798 | D:5      | Found a hide-covered altar of Uskayaw.
 12804 | D:5      | XOM: summons friendly iron imp
 12818 | D:5      | XOM: butterfly on damage
 12899 | D:5      | Identified a scroll of acquirement
 12900 | D:5      | Acquired 935 gold pieces
 12943 | D:5      | Reached skill level 5 in Fighting
 12950 | D:5      | XOM: scenery: create altars
 13024 | D:5      | Reached skill level 5 in Dodging
 13024 | D:5      | Reached XP level 9. HP: 64/65 MP: 0/0
 13024 | D:5      | Learned a level 3 spell: Frozen Ramparts
 13239 | D:5      | Found a sacrificial altar of Ru.
 13558 | D:6      | XOM: confuse monster(s)
 13562 | D:6      | XOM: swap monsters
 13563 | D:6      | Reached skill level 5 in Spellcasting
 13563 | D:6      | Reached skill level 5 in Conjurations
 13563 | D:6      | Reached skill level 5 in Hexes
 13563 | D:6      | Reached skill level 5 in Summonings
 13563 | D:6      | Reached skill level 5 in Necromancy
 13563 | D:6      | Reached skill level 5 in Translocations
 13563 | D:6      | Reached skill level 5 in Fire Magic
 13563 | D:6      | Reached skill level 5 in Ice Magic
 13563 | D:6      | Reached skill level 5 in Air Magic
 13563 | D:6      | Reached skill level 5 in Earth Magic
 13563 | D:6      | Reached skill level 5 in Alchemy
 13565 | D:6      | Found an ornate altar of the Wu Jian Council.
 13653 | D:6      | XOM: noise
 13665 | D:6      | Reached skill level 5 in Long Blades
 13701 | D:6      | Found a broken altar of Ashenzari.
 13753 | D:6      | XOM: divination: magic mapping
 13838 | D:6      | XOM: blink monster(s)
 13887 | D:6      | XOM: 2-stop teleportation journey
 14060 | D:7      | Found a glowing silver altar of Zin.
 14074 | D:7      | XOM: swap monsters
 14077 | D:7      | XOM: 1-stop teleportation journey
 14162 | D:7      | Found Yturam's Assorted Antiques.
 14170 | D:7      | Bought a fuming silvery potion for 24 gold pieces
 14170 | D:7      | Bought a silvery potion for 24 gold pieces
 14170 | D:7      | Bought a murky yellow potion for 24 gold pieces
 14226 | D:7      | XOM: noise
 14229 | D:7      | Reached skill level 5 in Armour
 14386 | D:7      | XOM: give mutations
 14386 | D:7      | Lost mutation: Your muscles are very strong. (Str +8,
                  | Int/Dex -2) [Xom's mischief]
 14386 | D:7      | Gained mutation: Armour fits poorly on your strangely
                  | shaped body. [Xom's mischief]
 14467 | D:7      | Found a shimmering altar of Xom.
 14520 | D:7      | Found a staircase to the Ecumenical Temple.
 14691 | D:8      | Reached XP level 10. HP: 26/72 MP: 0/0
 14890 | D:8      | XOM: confusion
 14904 | D:8      | a gnoll bouda changed into a rime drake
 14904 | D:8      | Noticed a rime drake
 14904 | D:8      | XOM: polymorph gnoll bouda -> rime drake
 14982 | D:8      | XOM: noise
 14990 | D:8      | Killed a rime drake
 15166 | D:8      | XOM: noise
 15184 | D:8      | XOM: swap monsters
 15187 | D:8      | XOM: summons 2 hostile shadow creatures
 15745 | D:8      | XOM: summons 1 hostile demon
 15786 | D:9      | XOM: chaos upgrade
 15885 | D:9      | XOM: give mutations
 15885 | D:9      | Gained mutation: You sometimes lose your temper in combat.
                  | [Xom's mischief]
 16011 | D:9      | XOM: smoke on damage
 16196 | D:9      | XOM: 4-stop teleportation journey
 16378 | D:9      | XOM: confuse monster(s)
 16434 | D:10     | Entered Level 10 of the Dungeon
 16440 | D:10     | Noticed a boulder beetle
 16441 | D:10     | Noticed an elephant
 16450 | D:10     | Demolished by a boulder beetle

Illustrated notes

Levels and vault maps discovered:
D:1:      psy_arrival_conway, layout_basic
D:2:      layout_loops_ring, nicolae_ecumenical_snake_handling,
          palyth_stone_intersect
D:3:      minmay_inner_zag, layout_loops_ring, portal_sewer_entry_a
D:4:      layout_basic
D:5:      layout_rooms, nicolae_ru_awakened_eye,
          chequers_temple_overflow_statue_of_worship,
          chequers_serial_rivers_large_a
D:6:      layout_basic, mainiacjoe_overflow_large_starburst
D:7:      layout_rooms, mainiacjoe_overflow_catwalk,
          regret_index_xom_buried_treasure, minmay_temple_entry_proselytizer,
          serial_shops, shop
D:8:      layout_basic
D:9:      layout_big_octagon, kennysheep_boxes
D:10:     layout_loops_corners, grunt_lair_entry_orc_guard_hut, uniq_maurice

Skill      XL: |  1  2  3  4  5  6  7  8  9 10 |
---------------+-------------------------------+-----
Spellcasting   | 1 2 3 4 5 7 |  7.0
Conjurations   | 1 2 3 4 5 7 |  7.0
Hexes          | 1 2 3 4 5 7 |  7.0
Summonings     | 1 2 3 4 5 7 |  7.0
Necromancy     | 1 2 3 4 5 7 |  7.0
Translocations | 1 2 3 4 5 7 |  7.0
Fire Magic     | 1 2 3 4 5 7 |  7.0
Ice Magic      | 1 2 3 4 5 7 |  7.0
Air Magic      | 1 2 3 4 5 7 |  7.0
Earth Magic    | 1 2 3 4 5 7 |  7.0
Alchemy        | 1 2 3 4 5 7 |  7.0
Long Blades    | 3 4 5 6 |  6.2
Armour         | 2 3 4 5 6 |  6.1
Dodging        | 3 4 5 6 7 |  7.1
Fighting       | 4 5 6 |  6.9

Action                     |  1- 3 |  4- 6 |  7- 9 | 10-12 || total
---------------------------+-------+-------+-------+-------++-------
  Melee: Falchion          |    45 |   195 |   494 |   116 ||   850
         Headbutt          |       |    26 |    88 |    40 ||   154
         Scimitar          |       |       |       |    94 ||    94
   Cast: Mercury Vapours   |       |       |    22 |    11 ||    33
         Frozen Ramparts   |       |       |       |     4 ||     4
    Use: Scroll            |       |     3 |     7 |     2 ||    12
         Potion            |       |       |       |     3 ||     3
   Stab: Petrified         |       |     6 |     4 |       ||    10
         Sleeping          |       |       |     2 |       ||     2
         Confused          |       |       |       |     3 ||     3
 Armour: Leather armour    |    21 |   172 |   352 |   173 ||   718
  Dodge: Dodged            |    31 |   185 |   341 |   163 ||   720

Table legend: (Time is in decaauts)
 A = Elapsed time spent in this place.
 B = Non-inter-level travel time spent in this place.
 C = Inter-level travel time spent in this place.
 D = Time resting spent in this place.
 E = Time spent auto-exploring this place.
 F = Levels seen in this place.
 G = Mean time per level.
                   A        B        C        D        E       F      G
               +--------+--------+--------+--------+--------+-----+--------+
         Total |  16610 |  16354 |    256 |  10087 |   4189 |  11 | 1510.0 |
       Dungeon |  16473 |  16217 |    256 |  10087 |   4126 |  10 | 1647.3 |
         Sewer |    137 |    137 |      0 |      0 |     62 |   1 |  137.0 |
               +--------+--------+--------+--------+--------+-----+--------+

Top non-repeatable levels by time:
     D:1: 9822 daAuts
     D:8: 1109 daAuts
     D:2: 1089 daAuts
     D:3: 933 daAuts
     D:4: 915 daAuts
     D:6: 684 daAuts
     D:9: 651 daAuts
     D:7: 630 daAuts
     D:5: 621 daAuts
   Sewer: 137 daAuts
    D:10: 15 daAuts
